 Dungeon Crawl Stone Soup version 0.22.1-1-ga44c0e56f4 (webtiles) character file.

1443 Knicklaso the Carver (level 8, -3/73 HPs)
             Began as a Purple Draconian Monk on Sept 30, 2018.
             Slain by an orc wizard
             ... wielding a +0 dagger
              (6 damage)
             ... on level 4 of the Dungeon.
             The game lasted 00:16:15 (6674 turns).

Knicklaso the Carver (Purple Draconian Monk)        Turns: 6674, Time: 00:16:15

Health: -3/73      AC: -6    Str: 13    XL:     8   Next: 46%
Magic:  9/9        EV: 13    Int: 12    God:
Gold:   277        SH:  0    Dex: 15    Spells: 7/7 levels left

rFire    . . .     SeeInvis .   a - +1 falchion
rCold    . . .     Gourm    .   (no shield)
rNeg     . . .     Faith    .   (armour unavailable)
rPois    .         Spirit   .   (helmet restricted)
rElec    .         Reflect  .   (no cloak)
rCorr    .         Harm     .   (no gloves)
MR       +....                  (no boots)
Stlth    ++........             (no amulet)
HPRegen  0.22/turn              (no ring)
MPRegen  0.11/turn              (no ring)

@: corroded
A: breathe power, unfitting armour, cold-blooded, AC +6
a: Breathe Dispelling Energy


You were on level 4 of the Dungeon.
You were hungry.

You visited 1 branch of the dungeon, and saw 5 of its levels.
You also visited: Ossuary.

You collected 277 gold pieces.

Inventory:

Hand Weapons
 a - a +1 falchion (weapon)
Missiles
 g - 109 stones (quivered)
 i - 14 javelins
Jewellery
 d - an uncursed ring of protection from cold {unknown}
 o - an uncursed ring of stealth {unknown}
Wands
 u - a wand of random effects (29)
 w - a wand of polymorph (17)
Scrolls
 c - a scroll of enchant armour {unknown}
 e - 8 scrolls of identify {unknown}
 k - 3 scrolls of teleportation
 l - 4 scrolls of remove curse {unknown}
 n - a scroll of magic mapping
 p - a scroll of blinking {unknown}
 q - a scroll of immolation {unknown}
 v - 2 scrolls of enchant weapon
Potions
 f - a potion of resistance {unknown}
 h - 2 potions of berserk rage
 j - 2 potions of heal wounds
 m - 2 potions of haste {unknown}
 r - a potion of flight {unknown}
 s - a potion of degeneration {unknown}
 t - 2 potions of lignification {unknown}
 x - a potion of mutation {unknown}
Comestibles
 b - 7 rations


   Skills:
 + Level 7.2 Fighting
 * Level 8.9 Long Blades
 + Level 2.6 Dodging
 - Level 1.7 Stealth
 + Level 0.0 Spellcasting
 + Level 2.3 Evocations


You had 7 spell levels left.
You didn't know any spells.
Your spell library contained the following spells:

 Spells                   Type           Power        Failure   Level  Hunger
 Animate Skeleton         Necr           N/A          32%         1    ##.....
 Apportation              Tloc           #.....       32%         1    ##.....
 Confusing Touch          Hex            #.....       32%         1    ##.....
 Summon Small Mammal      Summ           #...         32%         1    ##.....


Dungeon Overview and Level Annotations

Branches:
Dungeon (5/15)
 Temple: D:4-7

Altars:
Dithmenos
Fedhas
Nemelex Xobeh
Wu Jian


Innate Abilities, Weirdness & Mutations

You can breathe bolts of dispelling energy.
Your rich purple scales are hard. (AC +6)
You cannot fit into any form of body armour.
You are cold-blooded and may be slowed by cold attacks.


Message History

You kill the jackal!
You hear some strange, mumbled words.
A magic dart appears from out of thin air!
The magic dart hits you!
You hear some strange, mumbled words.
A puff of flame appears from out of thin air!
The puff of flame hits you!
* * * LOW HITPOINT WARNING * * *
Something hits you.
* * * LOW HITPOINT WARNING * * *
There is an escape hatch in the ceiling here.
Something hits you.
* * * LOW HITPOINT WARNING * * *
Something hits you.
* * * LOW HITPOINT WARNING * * *
A mysterious force pulls you upwards. The hatch slams shut behind you.
You hit something but do no damage. Something hits you.
* * * LOW HITPOINT WARNING * * *
Something hits you.
You die...

......<...'.....#
...)......#####.#
..........# #[#
..........# #.#
..........# ###.#####
..........# #.......#
..........# #.#[...##
..).....#####.#######
........'.......@...#
........#####.####.##
........# #.# #.#
........# #.# #.#
........# #.####.#
........# #......#
######### ########


There were no monsters in sight!

Vanquished Creatures
  Edmund (D:4)
  A sky beast (D:5)
  2 ogres
  A bullfrog (D:5)
  2 elf zombies (Ossuary)
  2 scorpions
  A crimson imp (D:5)
  2 centaur zombies (Ossuary)
  A jelly (D:4)
  4 hounds
  A centaur skeleton (D:5)
  An orc priest (D:5)
  3 orc wizards
  A bullfrog skeleton (D:5)
  4 worker ants
  A big kobold zombie (Ossuary)
  A hound zombie (Ossuary)
  4 mummies
  3 adders
  3 oozes
  3 adder zombies (Ossuary)
  2 worms
  2 dart slugs
  2 leopard geckos (D:2)
  13 orcs
  8 giant cockroaches
  5 goblins
  8 hobgoblins
  10 jackals
  2 quokkas
  A ball python (D:3)
  13 bats
  4 frilled lizards
  2 goblin zombies (Ossuary)
  5 hobgoblin zombies (Ossuary)
  4 jackal zombies (Ossuary)
  3 kobolds
  4 kobold zombies (Ossuary)
  An orc zombie (Ossuary)
  4 quokka zombies (Ossuary)
  5 rats
  3 rat zombies (Ossuary)
143 creatures vanquished.

Notes
Turn   | Place    | Note
-------+----------+-------------------------------------------
     0 | D:1      | Knicklaso the Draconian Monk began the quest for the Orb.
     0 | D:1      | Reached XP level 1. HP: 19/19 MP: 1/1
   302 | D:1      | Reached XP level 2. HP: 26/26 MP: 2/2
   795 | D:2      | Reached XP level 3. HP: 32/33 MP: 3/3
  1112 | D:2      | Found a sparkling altar of Nemelex Xobeh.
  1151 | D:2      | Reached skill level 4 in Long Blades
  1463 | D:2      | Reached XP level 4. HP: 28/40 MP: 4/4
  1703 | D:3      | Found an ornate altar of the Wu Jian Council.
  1730 | D:3      | Noticed an ogre
  1933 | D:3      | Killed an ogre
  1933 | D:3      | Reached skill level 5 in Long Blades
  1933 | D:3      | Reached XP level 5. HP: 25/47 MP: 5/5
  2185 | D:3      | Found a blossoming altar of Fedhas.
  2788 | D:4      | Found a shadowy altar of Dithmenos.
  2800 | D:4      | Noticed Edmund
  2918 | D:4      | Reached skill level 5 in Fighting
  2918 | D:4      | Reached XP level 6. HP: 28/56 MP: 6/6
  2920 | D:4      | Reached skill level 6 in Long Blades
  2931 | D:4      | Found a sand-covered staircase.
  2951 | Ossuary  | Entered an ossuary
  3410 | Ossuary  | Your scales start taking on a rich purple colour.
  3410 | Ossuary  | Reached XP level 7. HP: 31/62 MP: 7/7
  3757 | Ossuary  | Reached skill level 7 in Long Blades
  4354 | D:4      | Killed Edmund
  4845 | D:5      | Entered Level 5 of the Dungeon
  4906 | D:5      | Reached skill level 8 in Long Blades
  5225 | D:5      | Reached XP level 8. HP: 65/71 MP: 8/8
  5347 | D:5      | Reached skill level 1 in Evocations
  6674 | D:4      | HP: 3/73 [something (4)]
  6674 | D:4      | Slain by an orc wizard

Skill      XL: |  1  2  3  4  5  6  7  8 |
---------------+-------------------------+-----
Long Blades    | 4 5 6 8 |  8.9
Fighting       | 4 5 6 7 |  7.2
Evocations     | 2 |  2.3
Dodging        | |  2.6
Stealth        | |  1.7

Action                   |  1- 3 |  4- 6 |  7- 9 || total
-------------------------+-------+-------+-------++-------
Melee: Falchion          |   110 |   233 |   282 ||   625
       Tailslap          |    13 |    36 |    63 ||   112
Throw: Stone             |       |       |     6 ||     6
  Use: Scroll            |       |     4 |       ||     4
       Potion            |       |       |     5 ||     5
 Stab: Sleeping          |     7 |     2 |     5 ||    14
  Eat: Chunk             |     2 |     5 |     5 ||    12
       Ration            |       |       |     2 ||     2
Armor: Skin              |    33 |    49 |    56 ||   138
Dodge: Dodged            |    84 |   126 |   157 ||   367
       Rpst.: Falchion   |    22 |    37 |    50 ||   109
